AoeStats
← 神圣罗马帝国 | Holy Roman

Nomad

510917304Analyzed
4v4 RM · 14h ago on Oct 3, 2026· 20m 59s· 8 players
Game mode
Random Map
Map size
231×231
Population
200
Speed
Normal
Resources
Standard
Victory
Conquest
Starting age
Dark Age
Ending age
Imperial Age
RankedLock teamsTeams togetherTeam positionsShared explorationLock speedFull tech treeHidden civsTurbo modeCheats
Victory
Defeat
🇹🇼 Varangians · Taiwan
1335
+15
🇯🇵 Spanish · Japan
1331
+15
🇹🇼 Khmer · Taiwan
1325
+15
🇲🇴 Vietnamese · Macao SAR China
1308
+16
🇻🇳 Persians · Vietnam
1401
-18
1291
-15
🇺🇸 Spanish · United States
1287
-14
🇦🇷 Bengalis · Argentina
1267
-14
FoldedAunt23528
5:03 Loom
13:43 Feudal Age
14:25 Double-Bit Axe
16:17 Fletching
18:00 Town Watch
19:48 Horse Collar
20:48 Fishing Lines
HPer
5:54 Loom
13:39 Feudal Age
17:34 Castle Age
15:22 Double-Bit Axe
15:45 Fishing Lines
18:43 Gillnets
19:04 Bow Saw
19:29 Town Watch
20:28 Gold Mining
Happy new year
3:11 Loom
12:39 Feudal Age
14:53 Town Watch
HOU
3:20 Loom
14:38 Feudal Age
20:25 Castle Age
18:41 Horse Collar
19:14 Fletching
Slayer
6:19 Loom
13:48 Feudal Age
17:23 Castle Age
16:36 Fletching
17:08 Fishing Lines
17:33 Stone Mining
17:29 Double-Bit Axe
19:02 Bodkin Arrow
神圣罗马帝国 | Holy Roman
4:18 Loom
[FeI] F0rever
2:59 Loom
14:01 Feudal Age
18:19 Castle Age
17:17 Fletching
VN_BILL
5:00 Loom
14:18 Feudal Age
18:49 Castle Age
17:23 Double-Bit Axe
17:54 Fletching
Connection lost

Rejoining the realm…

Still unreachable

The connection could not be restored.

Session expired

The server has moved on; the page needs a fresh start.